 Dungeon Crawl Stone Soup version 0.24-a0-521-g122614bf49 (webtiles) character file.

Game seed: 9685546881949847416

21 GordonOverkill the Firebug (level 2, 0/23 HPs)
             Began as a Demigod Fire Elementalist on July 30, 2019.
             Slain by a bat (1 damage)
             ... on level 1 of the Dungeon.
             The game lasted 00:02:35 (814 turns).

GordonOverkill the Firebug (DgFE)                    Turns: 814, Time: 00:02:35

Health: 0/23       AC:  2    Str: 11    XL:     2   Next: 48%
Magic:  1/7        EV: 13    Int: 19    God:
Gold:   40         SH:  0    Dex: 16    Spells: 3/4 levels left

rFire    . . .     SeeInvis .   h - +0 dagger
rCold    . . .     Gourm    .   (no shield)
rNeg     . . .     Faith    .   a - +0 robe
rPois    .         Spirit   .   (no helmet)
rElec    .         Reflect  .   (no cloak)
rCorr    .         Harm     .   (no gloves)
MR       .....                  (no boots)
Stlth    ++........             (no amulet)
HPRegen  0.07/turn              (no ring)
MPRegen  0.10/turn              (no ring)

@: no status effects
A: high mp 1
a: no special abilities


You were on level 1 of the Dungeon.
You were not hungry.

You visited 1 branch of the dungeon, and saw 1 of its levels.

You collected 40 gold pieces.

Inventory:

Hand Weapons
 h - a +0 dagger (weapon)
Missiles
 e - 16 stones (quivered)
Armour
 a - a +0 robe (worn)
Scrolls
 b - a scroll of remove curse
 f - 2 scrolls of random uselessness
Comestibles
 c - 3 rations


   Skills:
 + Level 1.0 Fighting
 + Level 1.1 Armour
 + Level 2.2 Dodging
 - Level 1.7 Stealth
 - Level 1.7 Spellcasting
 - Level 0.8 Conjurations
 - Level 2.6 Fire Magic


You had 3 spell levels left.
You knew the following spells:

 Your Spells              Type           Power        Failure   Level  Hunger
a - Flame Tongue          Conj/Fire      #....        9%          1    #......

Your spell library contained the following spells:

 Spells                   Type           Power        Failure   Level  Hunger
 Throw Flame              Conj/Fire      #.....       13%         2    ###....
 Conjure Flame            Conj/Fire      #.......     26%         3    ###....
 Inner Flame              Hex/Fire       #.......     30%         3    ###....
 Sticky Flame             Conj/Fire      #.......     63%         4    #####..
 Fireball                 Conj/Fire      #.........   93%         5    ######.


Dungeon Overview and Level Annotations

Branches:
Dungeon (1/15)


Innate Abilities, Weirdness & Mutations

You have an increased reservoir of magic. (+10% MP)


Message History

A bat comes into view.
The kobold throws a stone.
The stone hits you but does no damage.
The kobold throws a stone.
The stone hits you.
* * * LOW HITPOINT WARNING * * *
You see here a stone.
The kobold throws a stone.
The stone hits you but does no damage.
The kobold throws a stone.
The stone barely misses you.
A kobold comes into view. It is wielding a +0 dagger.
Found 2 glowing black potions.
You see here 2 stones.
A rat comes into view.
The kobold shouts!
The bat barely misses you. The bat closely misses you.
The kobold hits you with a +0 club.
* * * LOW HITPOINT WARNING * * *
Found 13 sling bullets.
You aren't carrying any potions.
Unknown command.
The bat hits you.
You die...

........... .(..#.#...# #.....#.#
.....########...#.#.#####.###.#.#
......# #......#...#...# #.#.#
....#.######......###.#.#.###.#.#
...........#......# #...#.....#.#
....##.###.#..K...# ###.###.###.#
+#####.## #....Kr# #...#.....#.#
#..# #...bK.###.#######.#.# ##.#
#....@.#.....# #...# #..
#!....##.###.# ###.# ##.#
###K####.#...# #.# .. #(#
#.#.##### ##.# #.. #(# #.#.#...#
#..# #..# #.# #.###.#.#####.#
#>###l# #.....#...#...#
#..(#.######.###.#.#.###
####...##..)..#...#...# #


You could see a bat, 4 kobolds and a rat.

Vanquished Creatures
  A leopard gecko (D:1)
  2 goblins (D:1)
  2 hobgoblins (D:1)
  6 jackals (D:1)
  2 kobolds (D:1)
  2 bats (D:1)
  2 rats (D:1)
17 creatures vanquished.

Notes
Turn   | Place    | Note
-------+----------+-------------------------------------------
     0 | D:1      | GordonOverkill the Demigod Fire Elementalist began the
                  | quest for the Orb.
     0 | D:1      | Reached XP level 1. HP: 14/14 MP: 5/5
   515 | D:1      | Reached XP level 2. HP: 22/22 MP: 0/7
   792 | D:1      | Reached skill level 1 in Armour
   794 | D:1      | Reached skill level 1 in Fighting
   813 | D:1      | HP: 1/23 [kobold/+0 club (4)]
   814 | D:1      | Slain by a bat

Levels and vault maps discovered:
D:1:      elethiomel_arrival_maze, layout_basic

Skill      XL: |  1  2 |
---------------+-------+-----
Dodging        | 2 |  2.2
Armour         | 1 |  1.1
Fighting       | 1 |  1.0
Stealth        | |  1.7
Spellcasting   | |  1.7
Conjurations   | |  0.8
Fire Magic     | |  2.6

Action                   || total
-------------------------++-------
Melee: Dagger            ||     3
Throw: Stone             ||    22
 Cast: Flame Tongue      ||    26
  Use: Scroll            ||     2
Armor: Robe              ||     4
Dodge: Dodged            ||    27

Table legend:
 A = Non-vault XP
 B = Vault XP
 C = Vault XP percentage of total XP
 D = Non-vault monster count
 E = Vault monster count
 F = Vault count percentage of total count
                 A         B        C        D         E       F
            +---------+---------+-------+---------+---------+-------
      Total |      31 |       0 |   0.0 |      17 |       0 |   0.0
            +---------+---------+-------+---------+---------+-------
        D:1 |      31 |       0 |   0.0 |      17 |       0 |   0.0
            +---------+---------+-------+---------+---------+-------
